 Dungeon Crawl Stone Soup version 0.25.1-8-g42b30a86e7 (webtiles) character file.

Game seed: 11541538961899306765

3791 funkygono the Thaumaturge (level 9, -6/67 HPs)
             Began as a Purple Draconian Air Elementalist on Dec 19, 2020.
             Was an Elder of Vehumet.
             Mangled by a hog (7 damage)
             ... on level 8 of the Dungeon.
             The game lasted 00:24:40 (11810 turns).

funkygono the Thaumaturge (DrAE)                   Turns: 11810, Time: 00:24:40

Health: -6/67      AC:  7    Str: 13    XL:     9   Next: 95%
Magic:  13/21      EV: 13    Int: 17    God:    Vehumet [****..]
Gold:   561        SH:  0    Dex: 11    Spells: 5/25 levels left

rFire    . . .     SeeInvis .   k - staff of conjuration
rCold    . . .     Gourm    .   (no shield)
rNeg     . . .     Faith    .   (armour unavailable)
rPois    .         Spirit   .   (helmet restricted)
rElec    .         Reflect  .   (no cloak)
rCorr    .         Harm     .   (no gloves)
MR       +....                  (no boots)
Stlth    ++........             (no amulet)
HPRegen  0.21/turn              r - +4 ring of slaying
MPRegen  0.17/turn              v - ring of wizardry

@: sluggish, very slow
A: breathe power, unfitting armour, cold-blooded, AC +7
a: Breathe Dispelling Energy, Renounce Religion


You were on level 8 of the Dungeon.
You worshipped Vehumet.
Vehumet was greatly pleased with you.
You were hungry.

You visited 1 branch of the dungeon, and saw 8 of its levels.

You collected 561 gold pieces.

Inventory:

Hand Weapons
 q - a +1 whip
 u - the +1 spear "Biydyqed" {vorpal, rF++ Dex+3, unknown}
   (You found it on level 5 of the Dungeon)

   It inflicts extra damage upon your enemies.
   It affects your dexterity (+3).
   It greatly protects you from fire.
Missiles
 l - 102 stones (quivered)
Magical Staves
 k - an uncursed staff of conjuration (weapon)
Jewellery
 h - an uncursed ring of stealth
 r - a +4 ring of slaying (left hand)
 v - a ring of wizardry (right hand)
Wands
 d - a wand of iceblast (40)
 s - a wand of enslavement (5)
 x - a wand of random effects (17)
Scrolls
 c - a scroll of identify
 e - 4 scrolls of magic mapping
 m - a scroll of fog
 p - 5 scrolls of teleportation
 w - 3 scrolls of remove curse
Potions
 a - 3 potions of magic
 f - 2 potions of lignification
 g - 3 potions of mutation
 j - 2 potions of might
 n - 2 potions of brilliance
 o - a potion of haste
 t - 3 potions of curing
Comestibles
 b - 20 rations


   Skills:
 + Level 1.7 Fighting
 + Level 0.4(1.8) Maces & Flails
 + Level 2.8 Staves
 * Level 4.3 Dodging
 - Level 1.7 Stealth
 * Level 8.9 Spellcasting
 * Level 7.1 Conjurations
 * Level 8.3 Air Magic


You had 5 spell levels left.
You knew the following spells:

 Your Spells              Type           Power        Failure   Level  Hunger
a - Shock                 Conj/Air       ####         1%          1    None
b - Swiftness             Chrm/Air       ###.....     1%          2    None
c - Static Discharge      Conj/Air       ######..     1%          3    None
d - Magic Dart            Conj           ####         1%          1    None
e - Airstrike             Air            #####.....   1%          4    ###....
f - Foxfire               Conj/Fire      ####         1%          1    None
g - Mephitic Cloud        Conj/Pois/Air  #####...     1%          3    None
h - Lightning Bolt        Conj/Air       ######....   1%          5    #####..

Your spell library contained the following spells:

 Spells                   Type           Power        Failure   Level  Hunger
 Stone Arrow              Conj/Erth      ####..       1%          3    None
 Animate Skeleton         Necr           N/A          4%          1    None
 Apportation              Tloc           #.....       4%          1    None
 Corona                   Hex            #......      4%          1    None
 Summon Small Mammal      Summ           #...         4%          1    None


Dungeon Overview and Level Annotations

Branches:
Dungeon (8/15)             Temple (0/1) D:6
   Lair: D:8-11

Altars:
Ashenzari
Dithmenos
Elyvilon
Gozag
Hepliaklqana
Vehumet
The Shining One

Shops:
D:7 [

Annotations:
D:5 2 transporters, Frank's ghost, novice OpFi; Ijyb
D:8 3 runed translucent doors, mavignon's ghost, novice OpAs


Innate Abilities, Weirdness & Mutations

You can breathe bolts of dispelling energy.
Your rich purple scales are hard. (AC +7)
You cannot fit into any form of body armour.
You are cold-blooded and may be slowed by cold attacks.


Message History

The hog barely misses you. The hog bites you!
* * * LOW HITPOINT WARNING * * *
Unknown command.
You can't go up here!
The hog bites you.
* * * LOW HITPOINT WARNING * * *
Casting: Static Discharge (safe; 1% risk of failure)
Confirm with . or Enter, or press ? or * to list all spells.
You feel quick. The hog barely misses you. The hog bites you.
* * * LOW HITPOINT WARNING * * *
The hog bites you!
* * * LOW HITPOINT WARNING * * *
You start to feel a little slower.
You feel sluggish. The hog barely misses you. The hog bites you.
* * * LOW HITPOINT WARNING * * *
The hog completely misses you. The hog bites you!
You die...

.Y........####...#...........#
.............#..............##
............................#
.........##.................#
.........##...............###
...............#.........###
......#....##........#.....#
#.....#.Y##.Y.......####..##
#...........#...@.### #.##
.#...........###hh.# ###
........#...h.#....#
.#......#......#..##
.#......#......#.##
.#...............#
.......#.......[.#
....##.#..#......##
#......#####......#


You could see a yak and 2 hogs.

Vanquished Creatures
  Grinder (D:5)
  Prince Ribbit (D:5)
  A hippogriff (D:8)
  A hungry ghost (D:8)
  Menkaure (D:5)
  8 ogres
  2 orc warriors
  2 phantoms (D:5)
  A centaur (D:8)
  Blork the orc (D:5)
  A bullfrog (D:4)
  2 gnoll sergeants
  A water moccasin skeleton (D:8)
  4 killer bees
  5 wights
  3 crimson imps
  2 bullfrog zombies
  3 hounds
  A jelly (D:8)
  7 orc wizards
  4 orc priests
  2 iguanas
  5 worker ants
  A hound skeleton (D:4)
  A worker ant zombie (D:7)
  12 gnolls
  9 adders
  5 shadow imps
  An ooze (D:3)
  An adder zombie (D:5)
  An adder skeleton (D:5)
  4 dart slugs
  3 leopard geckos
  37 orcs
  4 giant cockroaches
  9 goblins
  14 hobgoblins
  21 jackals
  4 quokkas
  10 bats
  4 frilled lizards
  2 goblin skeletons (D:5)
  3 goblin zombies (D:5)
  4 hobgoblin zombies (D:5)
  A jackal skeleton (D:4)
  4 kobolds
  2 kobold zombies (D:5)
  A leopard gecko skeleton (D:5)
  2 orc skeletons (D:5)
  2 orc zombies (D:5)
  A quokka zombie (D:5)
  4 rats
226 creatures vanquished.

Vanquished Creatures (others)
  15 foxfires
15 creatures vanquished.

Grand Total: 241 creatures vanquished

Notes
Turn   | Place    | Note
-------+----------+-------------------------------------------
     0 | D:1      | funkygono the Draconian Air Elementalist began the quest
                  | for the Orb.
     0 | D:1      | Reached XP level 1. HP: 14/14 MP: 3/3
   197 | D:1      | Reached XP level 2. HP: 19/20 MP: 0/5
   220 | D:1      | Learned a level 2 spell: Swiftness
  1063 | D:1      | You fall into a shaft and drop 1 floor!
  1304 | D:2      | Reached XP level 3. HP: 26/26 MP: 3/6
  1803 | D:2      | Found a radiant altar of Vehumet.
  1821 | D:2      | Became a worshipper of Vehumet
  2015 | D:2      | Reached XP level 4. HP: 33/33 MP: 4/7
  2058 | D:2      | Learned a level 3 spell: Static Discharge
  2666 | D:3      | Found a shattered altar of Ashenzari.
  3084 | D:3      | Reached * piety under Vehumet
  3084 | D:3      | Offered knowledge of Magic Dart by Vehumet.
  3088 | D:3      | Reached XP level 5. HP: 13/38 MP: 0/9
  3094 | D:3      | Learned a level 1 spell: Magic Dart
  4139 | D:4      | Noticed an ogre
  4146 | D:4      | Killed an ogre
  4146 | D:4      | Reached XP level 6. HP: 45/45 MP: 2/10
  4255 | D:4      | Reached skill level 1 in Staves
  4255 | D:4      | Reached skill level 5 in Air Magic
  4721 | D:4      | Your scales start taking on a rich purple colour.
  4721 | D:4      | Reached skill level 5 in Spellcasting
  4721 | D:4      | Reached XP level 7. HP: 30/51 MP: 2/14
  5474 | D:4      | Learned a level 4 spell: Airstrike
  5485 | D:5      | Entered Level 5 of the Dungeon
  5524 | D:5      | Reached ** piety under Vehumet
  5524 | D:5      | Offered knowledge of Foxfire by Vehumet.
  5776 | D:5      | Noticed Ijyb
  5778 | D:5      | Noticed Menkaure
  5782 | D:5      | Noticed Grinder
  6270 | D:5      | Got a scorched spear
  6279 | D:5      | Noticed Blork the orc
  6297 | D:5      | Killed Blork the orc
  6624 | D:5      | Found a transporter.
  6628 | D:5      | Learned a level 1 spell: Foxfire
  6655 | D:5      | Found a glowing golden altar of the Shining One.
  6773 | D:5      | Reached XP level 8. HP: 58/58 MP: 11/16
  6774 | D:5      | Offered knowledge of Mephitic Cloud by Vehumet.
  6890 | D:5      | Noticed Prince Ribbit
  6899 | D:5      | Killed Prince Ribbit
  7296 | D:5      | Reached skill level 5 in Conjurations
  7469 | D:5      | Killed Grinder
  7543 | D:5      | Killed Menkaure
  7656 | D:5      | Found a hazy altar of Hepliaklqana.
  7686 | D:5      | Noticed Frank's ghost (novice OpFi)
  7687 | D:5      | Found a transporter.
  7734 | D:5      | Learned a level 3 spell: Mephitic Cloud
  7786 | D:6      | Found a staircase to the Ecumenical Temple.
  7973 | D:6      | Found a shadowy altar of Dithmenos.
  8322 | D:6      | Reached XP level 9. HP: 63/63 MP: 18/20
  8490 | D:6      | Learned a level 5 spell: Lightning Bolt
  8529 | D:7      | Reached *** piety under Vehumet
  9099 | D:7      | Found a white marble altar of Elyvilon.
  9196 | D:7      | Found Caleakk's Antique Armour Emporium.
  9468 | D:7      | Offered knowledge of Stone Arrow by Vehumet.
 10069 | D:8      | Reached skill level 1 in Fighting
 10620 | D:8      | Reached **** piety under Vehumet
 11391 | D:8      | Found an opulent altar of Gozag.
 11588 | D:8      | Found a runed translucent gate.
 11617 | D:8      | Found a runed translucent gate.
 11617 | D:8      | Found an opulent altar of Gozag.
 11618 | D:8      | Found a runed translucent gate.
 11618 | D:8      | Noticed mavignon's ghost (novice OpAs)
 11765 | D:8      | HP: 3/67 [hog (7)]
 11765 | D:8      | HP: 1/67 [hog (2)]
 11786 | D:8      | HP: 1/67 [hog (8)]
 11809 | D:8      | HP: 1/67 [hog (4)]
 11810 | D:8      | Mangled by a hog

Illustrated notes

Levels and vault maps discovered:
D:1:      heliophobic_arrival_battle_scene, layout_loops_corners
D:2:      cheibrodos_greedy_goblins, layout_basic, lemuel_round_altar
D:3:      layout_basic, cheibrodos_ashenzari_chains, first_ration,
          serial_bayou_lake_a
D:4:      cheibrodos_pilgrimage, layout_basic
D:5:      layout_loops_corners, gammafunk_ghost_smash, basic_altar,
          minivault_26, supply_closet_lemuel, nicolae_tso_besieged_by_evil,
          uniq_menkaure, uniq_grinder, uniq_prince_ribbit1, uniq_blork_the_orc,
          uniq_ijyb
D:6:      layout_basic, kennysheep_mini_moat, minmay_temple_entry_glass
D:7:      layout_loops_ring, elyvilon_altar_5, serial_shops, shop,
          corexii_leaking_fountain
D:8:      layout_cave_pools, kennysheep_little_box, ebering_ghost_gozag,
          grunt_livestock

Skill      XL: |  1  2  3  4  5  6  7  8  9 |
---------------+----------------------------+-----
Dodging        | 2 3 4 |  4.3
Air Magic      | 4 5 6 8 |  8.3
Conjurations   | 2 3 4 6 7 |  7.1
Spellcasting   | 3 5 7 8 |  8.9
Staves         | 1 2 |  2.8
Fighting       | 1 |  1.7
Maces & Flails | |  0.4
Stealth        | |  1.7

Action                   |  1- 3 |  4- 6 |  7- 9 || total
-------------------------+-------+-------+-------++-------
Melee: Unarmed           |     3 |       |       ||     3
       Club              |    25 |    11 |       ||    36
       Tailslap          |     4 |     2 |    10 ||    16
       Whip              |    15 |       |       ||    15
       Staff             |       |    17 |    89 ||   106
 Cast: Shock             |    75 |    92 |   300 ||   467
       Magic Dart        |       |     7 |     2 ||     9
       Static Discharge  |       |       |    37 ||    37
       Swiftness         |       |       |     6 ||     6
       Foxfire           |       |       |     8 ||     8
       Airstrike         |       |       |    14 ||    14
       Mephitic Cloud    |       |       |     2 ||     2
       Lightning Bolt    |       |       |     8 ||     8
 Abil: Breathe Dispellin |       |       |     1 ||     1
  Use: Scroll            |     5 |     9 |     7 ||    21
       Potion            |       |       |     5 ||     5
 Stab: Sleeping          |     1 |       |       ||     1
  Eat: Chunk             |     5 |     8 |    20 ||    33
       Ration            |       |       |     2 ||     2
Armor: Skin              |    15 |    13 |    58 ||    86
Dodge: Dodged            |    39 |    32 |   152 ||   223
